 Dungeon Crawl Stone Soup version 0.26-a0-1129-gc5df7fbe6a (webtiles) character file.

Game seed: 5101037882107599094

136 uibert the Conjurer (level 4, -2/24 HPs)
             Began as a Deep Elf Conjurer on Dec 19, 2020.
             Slain by Sigmund
             ... wielding a +0 scythe
              (4 damage)
             ... on level 3 of the Dungeon.
             The game lasted 00:06:08 (2667 turns).

uibert the Conjurer (Deep Elf Conjurer)             Turns: 2667, Time: 00:06:09

Health: -2/24      AC:  6    Str:  5    XL:     4   Next: 98%
Magic:  3/10       EV: 13    Int: 23    God:
Gold:   139        SH:  0    Dex: 13    Spells: 4/9 levels left

rFire    . . .     SeeInvis .   c - +0 hand axe
rCold    + . .     Faith    .   (no shield)
rNeg     . . .     Spirit   .   a - +0 robe
rPois    .         Reflect  .   (no helmet)
rElec    .         Harm     .   (no cloak)
rCorr    .         Rampage  .   (no gloves)
Will     .....                  k - +1 pair of boots
Stlth    ++........             (no amulet)
HPRegen  0.08/turn              e - ring of protection from cold
MPRegen  0.12/turn              (no ring)

@: no status effects
A: talons 1, molten scales 1
a: no special abilities


You were on level 3 of the Dungeon.
You visited 1 branch of the dungeon, and saw 3 of its levels.

You collected 139 gold pieces.

Inventory:

Hand Weapons
 c - a +0 hand axe (weapon)
 h - a +0 short sword
Missiles
 i - 48 stones (quivered)
 m - 38 arrows
Armour
 a - a +0 robe (worn)
 k - a +1 pair of boots (worn)
Jewellery
 e - a ring of protection from cold (left hand)
Scrolls
 b - 5 scrolls of identify {unknown}
 d - a scroll of fog {unknown}
 f - 3 scrolls of teleportation {unknown}
 j - a scroll of remove curse {unknown}
 l - 2 scrolls of amnesia {unknown}
 r - a scroll of enchant armour {unknown}
Potions
 g - a potion of haste
 n - a potion of brilliance
 o - 2 potions of degeneration {unknown}
 p - a potion of flight {unknown}
 q - a potion of lignification {unknown}
 s - a potion of attraction {unknown}


   Skills:
 - Level 2.4 Dodging
 - Level 2.4 Stealth
 - Level 3.0 Spellcasting
 * Level 6.8 Conjurations
 + Level 1.1 Translocations


You had 4 spell levels left.
You knew the following spells:

 Your Spells              Type           Power        Failure   Level
a - Magic Dart            Conj           100%         1%          1
b - Searing Ray           Conj           68%          1%          2
c - Blink                 Tloc           N/A          11%         2

Your spell library contained the following spells:

 Spells                   Type           Power        Failure   Level
 Conjure Flame            Conj/Fire      19%          9%          3
 Dazzling Flash           Conj/Hex       38%          9%          3
 Mephitic Cloud           Conj/Pois/Air  13%          14%         3
 Call Imp                 Summ           3%           17%         2
 Slow                     Hex            3%           17%         2
 Iskenderun's Mystic Bla  Conj/Tloc      21%          22%         4
 Fulminant Prism          Conj/Hex       9%           28%         4


Dungeon Overview and Level Annotations

Branches:
Dungeon (3/15)

Altars:

Annotations:
D:3 Sigmund


Innate Abilities, Weirdness & Mutations

You have sharp toenails.
You are partially covered in molten scales. (AC +2)


Message History

Confirm with . or Enter, or press ? or * to list all spells.
You can't see any susceptible monsters within range! (Use Z to cast anyway.)
Casting: Searing Ray (safe; 1% risk of failure)
Confirm with . or Enter, or press ? or * to list all spells.
Aiming: Searing Ray (safe; 1% risk of failure)
Press: ? - help, Shift-Dir - straight line The searing ray hits something! (Press . to maintain the ray.)
Something hits you! Something hits you!
Ouch! That really hurt!
* * * LOW HITPOINT WARNING * * *
Casting: Searing Ray (safe; 1% risk of failure)
Confirm with . or Enter, or press ? or * to list all spells.
Aiming: Searing Ray (safe; 1% risk of failure)
Press: ? - help, Shift-Dir - straight line The searing ray hits something. (Press . to maintain the ray.)
Something hits you.
You die...

#....### ...
#####....########..
..................
.........#######.#
#####...## #.#
#...# #.# #...# #.#
#...# #.# #.### #@#
#.# #.# #.# #.# #.#
#.# #.# #.# #.# #.#
#.# #.# #+# #.# #.#


There were no monsters in sight!

Vanquished Creatures
  An orc priest (D:3)
  Jessica (D:2)
  2 adders
  An ooze (D:1)
  A dart slug (D:1)
  A leopard gecko (D:2)
  7 orcs (D:3)
  6 giant cockroaches
  3 hobgoblins
  9 bats
  4 frilled lizards
  6 goblins
  5 kobolds
  6 rats
53 creatures vanquished.

Notes
Turn   | Place    | Note
-------+----------+-------------------------------------------
     0 | D:1      | uibert the Deep Elf Conjurer began the quest for the Orb.
     0 | D:1      | Reached XP level 1. HP: 10/10 MP: 6/6
   523 | D:1      | Reached XP level 2. HP: 15/15 MP: 2/8
   646 | D:1      | Reached skill level 5 in Conjurations
  1238 | D:2      | Reached XP level 3. HP: 18/19 MP: 6/9
  1394 | D:2      | Gained mutation: You are partially covered in molten
                  | scales. (AC +2) [potion of mutation]
  1394 | D:2      | Gained mutation: You have sharp toenails. [potion of
                  | mutation]
  1409 | D:2      | Noticed Jessica
  1414 | D:2      | Learned a level 2 spell: Searing Ray
  1415 | D:2      | Killed Jessica
  1416 | D:2      | Reached skill level 6 in Conjurations
  1729 | D:2      | Reached XP level 4. HP: 24/24 MP: 6/10
  2153 | D:3      | Learned a level 2 spell: Blink
  2457 | D:3      | Reached skill level 1 in Translocations
  2649 | D:3      | Noticed Sigmund
  2667 | D:3      | Slain by Sigmund

Illustrated notes

Levels and vault maps discovered:
D:1:      nzn_arrival_settlement, layout_rooms, chequers_serial_rivers_micro_d
D:2:      layout_loops_cross, chequers_garden, uniq_jessica
D:3:      minmay_octagon_keep, layout_basic, uniq_sigmund

Skill      XL: |  1  2  3  4 |
---------------+-------------+-----
Conjurations   | 5 6 |  6.8
Translocations | 1 |  1.1
Dodging        | |  2.4
Stealth        | |  2.4
Spellcasting   | |  3.0

Action                   |  1- 3 |  4- 6 || total
-------------------------+-------+-------++-------
Melee: Hand axe          |     4 |       ||     4
 Cast: Magic Dart        |    51 |    29 ||    80
       Searing Ray       |     2 |     5 ||     7
  Use: Potion            |     4 |       ||     4
Armor: Robe              |     5 |     2 ||     7
Dodge: Dodged            |     7 |     2 ||     9

Table legend: (Time is in decaauts)
 A = Elapsed time spent in this place.
 B = Non-inter-level travel time spent in this place.
 C = Inter-level travel time spent in this place.
 D = Time resting spent in this place.
 E = Time spent auto-exploring this place.
 F = Levels seen in this place.
 G = Mean time per level.
                   A        B        C        D        E       F      G
               +--------+--------+--------+--------+--------+-----+--------+
         Total |   2648 |   2561 |     87 |    369 |   1948 |   3 |  882.7 |
       Dungeon |   2648 |   2561 |     87 |    369 |   1948 |   3 |  882.7 |
               +--------+--------+--------+--------+--------+-----+--------+

Top non-repeatable levels by time:
     D:2: 1091 daAuts
     D:1: 1039 daAuts
     D:3: 517 daAuts
